 Dungeon Crawl Stone Soup version 0.23.0 (webtiles) character file.

Game seed: 1634480299857522008

83 MalarOregon the Poker (level 4, -1/35 HPs)
             Began as a Merfolk Skald on Feb 17, 2019.
             Slain by Grinder (7 damage)
             ... while paralysed by Grinder
             ... on level 3 of the Dungeon.
             The game lasted 00:03:12 (1855 turns).

MalarOregon the Poker (Merfolk Skald)               Turns: 1855, Time: 00:03:13

Health: -1/35      AC:  4    Str: 12    XL:     4   Next: 44%
Magic:  7/7        EV:  2    Int: 12    God:
Gold:   123        SH:  0    Dex: 13    Spells: 3/7 levels left

rFire    . . .     SeeInvis .   a - +0 spear
rCold    . . .     Gourm    .   (no shield)
rNeg     . . .     Faith    .   b - +0 leather armour
rPois    .         Spirit   .   (no helmet)
rElec    .         Reflect  .   (no cloak)
rCorr    .         Harm     .   h - +0 pair of gloves
MR       .....                  (no boots)
Stlth    +.........             (no amulet)
HPRegen  0.11/turn              (no ring)
MPRegen  0.10/turn              (no ring)

@: paralysed
A: change form in water, swift swim, stealthy swim
a: no special abilities


You were on level 3 of the Dungeon.
You were not hungry.

You visited 1 branch of the dungeon, and saw 3 of its levels.

You collected 123 gold pieces.

Inventory:

Hand Weapons
 a - a +0 spear (weapon)
Armour
 b - a +0 leather armour (worn)
 h - a +0 pair of gloves (worn)
   (You found it on level 1 of the Dungeon)
Jewellery
 j - a cursed ring of teleportation {unknown}
   (You found it on level 1 of the Dungeon)
Scrolls
 c - 3 scrolls of identify {unknown}
 g - 3 scrolls of fog {unknown}
 k - a scroll of enchant weapon {unknown}
 l - a scroll of amnesia {unknown}
 n - a scroll of enchant armour {unknown}
 p - a scroll of magic mapping {unknown}
Potions
 d - 3 potions of lignification {unknown}
 f - a potion of mutation {unknown}
 m - a potion of flight {unknown}
 o - 2 potions of curing {unknown}
Comestibles
 e - 5 rations {!d}
 i - 3 chunks of flesh


   Skills:
 + Level 3.3 Fighting
 + Level 4.5 Polearms
 - Level 0.6 Armour
 + Level 4.0 Dodging
 - Level 2.0 Spellcasting
 - Level 3.2 Charms


You had 3 spell levels left.
You knew the following spells:

 Your Spells              Type           Power        Failure   Level  Hunger
a - Infusion              Chrm           #...         9%          1    ##.....
e - Regeneration          Chrm/Necr      #.........   47%         3    ####...

Your spell library contained the following spells:

 Spells                   Type           Power        Failure   Level  Hunger
 Song of Slaying          Chrm           #.......     14%         2    ###....
 Shroud of Golubria       Chrm/Tloc      #.........   26%         2    ###....
 Spectral Weapon          Hex/Chrm       #.......     47%         3    ####...


Dungeon Overview and Level Annotations

Branches:
Dungeon (3/15)

Altars:
Okawaru

Annotations:
D:3 Grinder


Message History

Attack whom?
Aim: a jackal You reach to attack!
The frilled lizard hisses angrily.
You puncture the frilled lizard!
You kill the frilled lizard!
You hear a bark!
Grinder comes into view.
A jackal comes into view.
Grinder blinks!
A giant cockroach comes into view.
The jackal closely misses you.
Grinder drinks a potion.
Grinder seems to speed up.
The jackal stops to sniff the ground.
The jackal bites you.
Grinder blinks!
The jackal barely misses you.
The giant cockroach waves its antennae.
The jackal closely misses you. The jackal closely misses you.
The jackal misses you. The jackal closely misses you. The jackal bites you.
Grinder says, "At least Makhleb appreciates what I'm doing."
The jackal barely misses you.
Grinder blinks!
Grinder says, "What is the universe for?"
Grinder blinks!
The jackal barely misses you. Grinder closely misses you.
Grinder blinks!
The jackal barely misses you. Grinder closely misses you.
Grinder hits you but does no damage. The jackal closely misses you.
Grinder hits you! The jackal barely misses you.
There is an iron altar of Okawaru here.
Grinder is no longer moving quickly.
Grinder gestures at you.
You suddenly lose the ability to move!
The jackal completely misses you. Grinder hits you.
You writhe in agony.
The jackal bites you but does no damage.
The giant cockroach barely misses you.
The jackal bites you but does no damage.
Grinder hits you.
You writhe in agony.
* * * LOW HITPOINT WARNING * * *
The jackal bites you.
* * * LOW HITPOINT WARNING * * *
The giant cockroach bites you but does no damage.
Grinder hits you.
* * * LOW HITPOINT WARNING * * *
The jackal completely misses you.
The giant cockroach bites you but does no damage.
Grinder hits you!
You die...

##### #(...####### #..........# #
#..#.♣.♣.#.# #
#..........########### #
#..♣.♣s♣.♣............
############....@hh....####.#####
..............♣.♣5♣.♣.## #.#
.###.###.####.........#####.#
.###..........#.♣.♣.#....##.#
.(##.##.<.###.........##.##.#
.(##.#.###.##..####.### ##.#
......## ##....# #÷# #.#
.#####.###.###.## #.# #.#
.....>..#............


You could see Grinder, 2 jackals and a giant cockroach.

Vanquished Creatures
  4 adders
  An ooze (D:1)
  A worm (D:2)
  2 dart slugs
  A leopard gecko (D:1)
  A giant cockroach (D:2)
  2 goblins
  6 hobgoblins
  3 kobolds
  5 bats (D:1)
  6 frilled lizards
  5 rats
37 creatures vanquished.

Notes
Turn   | Place    | Note
-------+----------+-------------------------------------------
     0 | D:1      | MalarOregon the Merfolk Skald began the quest for the Orb.
     0 | D:1      | Reached XP level 1. HP: 16/16 MP: 3/3
   339 | D:1      | Reached XP level 2. HP: 23/23 MP: 5/5
   784 | D:2      | Reached XP level 3. HP: 28/28 MP: 6/6
   947 | D:2      | Learned a level 3 spell: Regeneration
  1322 | D:2      | Reached XP level 4. HP: 16/35 MP: 7/7
  1740 | D:3      | Found an iron altar of Okawaru.
  1815 | D:3      | Noticed Grinder
  1851 | D:3      | Paralysed by Grinder for 7 turns
  1855 | D:3      | Slain by Grinder

Skill      XL: |  1  2  3  4 |
---------------+-------------+-----
Dodging        | 3 4 |  4.0
Polearms       | 4 |  4.5
Fighting       | 3 |  3.3
Armour         | |  0.6
Spellcasting   | |  2.0
Charms         | |  3.2

Action                   |  1- 3 |  4- 6 || total
-------------------------+-------+-------++-------
Melee: Spear             |    96 |    45 ||   141
 Stab: Sleeping          |       |     1 ||     1
  Eat: Chunk             |     1 |     2 ||     3
Armor: Leather armour    |    19 |    13 ||    32
Dodge: Dodged            |    31 |    39 ||    70
